Cogmind - Beta 14 @@@ ROGUE MODE // 2025.03.29 @ 15:35:11 Player: canerib Result: Destroyed by Y-45 Defender with Beam Rifle Performance ------------- Evolutions (2) 1000 Regions Visited (4) 800 Robots Destroyed (60) 300 Value Destroyed (1423) 1423 Prototype IDs (0) 0 Alien Tech Used (0) 0 Bonus (54) 54 TOTAL SCORE: 3577 Bonus ------- High Alert Combat Kills 54 Cogmind --------- Core Integrity 0/550 Matter 297/300 Energy 140/140 System Corruption 0% Temperature Cool (10) Movement Walking (190) Ox1 Location -8/Materials Parts ------- > --- POWER (1) -------- Light Deuterium Engine > --- PROPULSION (2) --- Improved Carbon-fiber Leg Improved Carbon-fiber Leg > --- UTILITY (5) ------ Medium Storage Unit Advanced Targeting Computer Hardened Heavy Armor Plating Reactive Plating > --- WEAPON (3) ------- Light Assault Rifle > --- INVENTORY (10) --- VSS Leg Improved Carbon-fiber Leg Hardened Medium Armor Plating Hardlight Generator System Shield Authchip [Armor] Authchip [Weapon] Decoy Drone Bay Peak State ------------ > --- POWER ------------ Light Deuterium Engine > --- PROPULSION ------- Improved Carbon-fiber Leg Improved Carbon-fiber Leg > --- UTILITY ---------- Medium Storage Unit Advanced Targeting Computer Hardened Heavy Armor Plating Reactive Plating > --- WEAPON ----------- Light Assault Rifle > --- INVENTORY -------- VSS Leg Improved Carbon-fiber Leg Hardened Medium Armor Plating Hardlight Generator System Shield Authchip [Armor] Authchip [Weapon] Decoy Drone Bay [Rating: 30] Favorites ----------- Power Ion Engine Engine Ion Engine Propulsion Aluminum Leg Treads Improved Treads Leg Aluminum Leg Utility Medium Storage Unit Device Sensor Array Storage Medium Storage Unit Processor Improved Signal Interpreter Hackware Hacking Suite Protection Hardened Heavy Armor Plating Weapon Light Cannon Energy Gun Medium Laser Ballistic Gun Autogun Ballistic Cannon Light Cannon Launcher Grenade Launcher Build | -11 -10 -10 -9 -8 ------- Run | Yrd Mat Min Mat Mat Slots Evolved 4 | . . . 2 2 Power . | . . . . . Propulsion . | . . . . . Utility 3 | . . . 2 1 Weapon 1 | . . . . 1 Parts Attached 51 | 9 4 3 11 24 Power 7 | 2 . . 3 2 Engine 7 | 2 . . 3 2 Core . | . . . . . Reactor . | . . . . . Propulsion 14 | 2 2 . 4 6 Treads 2 | . . . 2 . Leg 12 | 2 2 . 2 6 Wheel . | . . . . . Hover . | . . . . . Flight . | . . . . . Utility 15 | 3 1 1 2 8 Device 7 | 2 . 1 . 4 Storage 2 | 1 1 . . . Processor 3 | . . . 1 2 Hackware 1 | . . . 1 . Protection 2 | . . . . 2 Artifact . | . . . . . Weapon 15 | 2 1 2 2 8 Energy Gun 5 | 2 1 . . 2 Energy Cannon . | . . . . . Ballistic Gun 5 | . . . 1 4 Ballistic Cannon 3 | . . 2 . 1 Launcher 2 | . . . 1 1 Special Weapon . | . . . . . Impact Weapon . | . . . . . Slashing Weapon . | . . . . . Piercing Weapon . | . . . . . Special Melee Weapon . | . . . . . Unidentified Prototypes . | . . . . . Parts Lost 21 | . . . 2 19 Power 1 | . . . . 1 Propulsion 5 | . . . 1 4 Utility 6 | . . . 1 5 Weapon 9 | . . . . 9 Highest Loss Streak 11 | . . . 1 11 To Critical Strikes . | . . . . . Average Slot Usage (%) 89 | . 100 100 98 80 Engine 10 | . 14 14 11 7 Treads 4 | . . . 7 6 Leg 15 | . 28 28 13 8 Device 12 | . 14 14 11 12 Storage 10 | . 14 14 11 9 Processor 9 | . . . 11 15 Hackware 1 | . . . 10 . Protection 1 | . . . . 3 Energy Gun 9 | . 28 4 . 2 Ballistic Gun 4 | . . . 2 7 Ballistic Cannon 8 | . . 23 18 7 Peak Build Rating 30 | 9 8 10 20 30 Average Rating 16 | 7 7 8 16 22 On Entrance 8 | . 7 8 10 17 Naked Turns . | . . . . . Heaviest Build 46 | 14 20 22 27 46 Greatest Support 46 | 20 20 20 46 46 Greatest Overweight (x) 10 | 1 1 1 2 10 Average Overweight (x) . | . . . . . Largest Inventory Capacity 10 | 8 10 10 10 10 Average Capacity 9 | 7 9 10 10 10 Most Carried 10 | 4 10 10 10 10 Average Carried 8 | 2 8 9 9 9 Final Capacity 10 | 8 10 10 10 10 Final Carried 10 | 4 10 10 10 9 Class Distribution -------------------- 72% | Mutant 19% | Skirmisher 4% | Scavenger-Mutant 3% | Scavenger-Gunner Dominant Class ---------------- Mutant | -10/Materials Mutant | -10/Mines Mutant | -9/Materials Mutant | -8/Materials Resources | -11 -10 -10 -9 -8 ----------- Run | Yrd Mat Min Mat Mat Matter Collected 1503 | 290 60 50 170 933 Remotely 184 | . . . . 184 Salvage Created 1721 | 167 300 . 183 1071 Parts 102 | 8 21 . 14 59 Haulers Intercepted 4 | . . . 3 1 Recyclers Shooed 2 | 1 . . . 1 Parts Field Recycled . | . . . . . Retrieved Matter . | . . . . . Parts Self-Destructed . | . . . . . Prevented . | . . . . . Kills | -11 -10 -10 -9 -8 ------- Run | Yrd Mat Min Mat Mat Combat Hostiles Destroyed 42 | . 10 . 6 26 Melee 1 | . . . . 1 Guns 25 | . 10 . . 15 Cannons 13 | . . . 3 10 AOE 3 | . . . 3 . Classes Destroyed 10 | 2 5 . 1 2 Worker 2 | . 1 . . 1 Tunneler 3 | 3 . . . . Hauler 4 | . . . 3 1 Recycler 3 | 1 . . . 2 Operator 1 | . 1 . . . Watcher 5 | . 1 . . 4 Swarmer 19 | . 6 . 4 9 Grunt 18 | . 4 . 2 12 Sentry 2 | . . . . 2 Specialist 3 | . . . . 3 Best Kill Streak 8 | 3 8 . 5 7 Combat Bots Only 7 | . 7 . 4 5 Max Kills in Single Turn 4 | 1 2 . 4 2 Gunslinging 1 | . 1 . . . Exploded 3 | . . . 3 . Melee 1 | . . . . 1 Uniques/NPCs Destroyed . | . . . . . Combat | -11 -10 -10 -9 -8 -------- Run | Yrd Mat Min Mat Mat Hostile Shots Fired 361 | . 48 . 16 297 Missed 108 | . 12 . 4 92 Damage Taken 3334 | . 336 . 126 2872 Core 669 | . 99 . 20 550 Absorbed by Shields . | . . . . . Ignored by Resistances 4 | . . . . 4 Core Remaining (%) 85 | 100 . 60 95 . Volleys Fired 181 | 14 32 . 16 119 Largest 3 | 2 2 . 2 3 Hottest 153 | 90 100 . 70 153 Shots Fired 366 | 28 64 . 28 246 Gun 233 | 28 64 . 3 138 Cannon 131 | . . . 23 108 Launcher 2 | . . . 2 . Special . | . . . . . Kinetic 230 | . . . 26 204 Thermal 134 | 28 64 . . 42 Explosive 2 | . . . 2 . Electromagnetic . | . . . . . Robot Hit Streak 11 | 6 9 . 6 11 Robot Miss Streak 7 | 2 7 . 5 7 Penetration Max . | . . . . . Secondary Targets 2 | . 2 . . . Max Gunslinging Chain 1 | . 1 . . . Shots Hit Robots 221 | 17 36 . 14 154 Core Hits 104 | 5 19 . 10 70 Critical Kills 1 | . . . . 1 Critical Parts Destroyed 1 | . . . . 1 Critical Strikes 16 | . 5 . 1 10 Burn 8 | . 5 . . 3 Destroy 2 | . . . . 2 Blast 6 | . . . 1 5 Melee Attacks . | . . . . . Impact . | . . . . . Slashing . | . . . . . Piercing . | . . . . . Sneak Attacks . | . . . . . Combat Hostiles . | . . . . . Follow-up Attacks . | . . . . . Damage Inflicted 3749 | 202 495 . 479 2573 Guns 2106 | 202 490 . 42 1372 Cannons 1342 | . . . 202 1140 Explosions 235 | . . . 235 . Melee . | . . . . . Ramming 66 | . 5 . . 61 Kinetic 2323 | . . . 244 2079 Thermal 1125 | 202 490 . . 433 Explosive 235 | . . . 235 . Electromagnetic . | . . . . . Impact . | . . . . . Slashing . | . . . . . Piercing . | . . . . . Highest Corruption . | . . . . . Average Corruption . | . . . . . Corruption Purged . | . . . . . Corruption Blocked . | . . . . . Overload Shots . | . . . . . Overflow Damage 21 | . . . 9 12 Projectiles 12 | . . . . 12 Explosions 9 | . . . 9 . Melee . | . . . . . Knockbacks 19 | . . . 2 17 Impact . | . . . . . Kinetic 14 | . . . 2 12 Secondary 5 | . . . . 5 Self-Inflicted Damage 1 | . . . . 1 Shots . | . . . . . Rammed 5 | . . . . 5 Targets Rammed 27 | . 2 . . 25 Kicked 22 | . 2 . . 20 Crushed . | . . . . . Highest Temperature 488 | 180 488 . 114 108 Average Temperature 122 | 60 204 . 43 31 Received Heat Transfer 963 | . 81 . 54 828 Effects 11 | . 11 . . . Shutdowns 3 | . 3 . . . Interference 3 | . 3 . . . Matter Decay 1 | . 1 . . . Short Circuit 1 | . 1 . . . Damage (minor) 3 | . 3 . . . Siege Activations . | . . . . . Robots Corrupted . | . . . . . Combat Hostiles . | . . . . . Parts Fried . | . . . . . Impact Corruptions . | . . . . . Robots Melted . | . . . . . Combat Hostiles . | . . . . . Parts Melted 4 | 1 2 . . 1 Heat Transferred 3555 | 533 1801 . . 1221 Parts Sabotaged . | . . . . . Parts Stolen . | . . . . . Parts Stripped . | . . . . . Power Chain Reactions . | . . . . . Alert | -11 -10 -10 -9 -8 ------- Run | Yrd Mat Min Mat Mat Peak Influence 495 | 20 208 39 162 495 Initial 39 | . 13 39 14 . Average 165 | 7 57 39 57 295 Maximum Alert Level 2 | . 1 . . 2 Low Security (%) 62 | 100 97 100 100 22 Level 1 25 | . 2 . . 52 Level 2 11 | . . . . 25 Level 3 . | . . . . . Level 4 . | . . . . . Level 5 . | . . . . . High Security . | . . . . . Max Security . | . . . . . Squads Dispatched 9 | . 2 1 . 6 Investigation 3 | . 1 1 . 1 Extermination . | . . . . . Reinforcement 6 | . 1 . . 5 Assault . | . . . . . Garrison . | . . . . . Intercept . | . . . . . Searches Triggered . | . . . . . Construction Impeded . | . . . . . Haulers Reinforced . | . . . . . Active Scanning Responses . | . . . . . Cargo Convoy Interrupts . | . . . . . Stealth | -11 -10 -10 -9 -8 --------- Run | Yrd Mat Min Mat Mat Distress Signals 12 | . 2 . . 10 Communications Jammed . | . . . . . Distress Signals . | . . . . . Times Spotted 75 | . 14 . 6 55 Peak Tracking Total 8 | . 4 . 4 8 Tactical Retreats 7 | . . . . 7 Traps | -11 -10 -10 -9 -8 ------- Run | Yrd Mat Min Mat Mat Traps Triggered 1 | . . . . 1 Indirectly . | . . . . . Trap Hack Attempts . | . . . . . Triggered . | . . . . . Disarmed . | . . . . . Reprogrammed . | . . . . . Reused . | . . . . . Traps Extracted . | . . . . . Installed . | . . . . . Triggered . | . . . . . Machines | -11 -10 -10 -9 -8 ---------- Run | Yrd Mat Min Mat Mat Machines Disabled 1 | . . . . 1 Max in Single Turn 1 | . . . . 1 Machines Repaired . | . . . . . Machines Dismantled . | . . . . . Machines Sabotaged . | . . . . . Overloaded Fab Kills . | . . . . . Hacking | -11 -10 -10 -9 -8 --------- Run | Yrd Mat Min Mat Mat Machines Accessed 6 | . 1 2 3 . Terminals 4 | . 1 . 3 . Fabricators . | . . . . . Repair Stations . | . . . . . Recycling Units . | . . . . . Scanalyzers . | . . . . . Garrison Access . | . . . . . Total Hacks 14 | . 4 2 8 . Successful 9 | . 3 2 4 . Failed 5 | . 1 . 4 . Catastrophic . | . . . . . Database Lockouts . | . . . . . Manual . | . . . . . Terminals 12 | . 4 . 8 . Fabricators . | . . . . . Repair Stations . | . . . . . Recycling Units . | . . . . . Scanalyzers . | . . . . . Garrison Access . | . . . . . Terminal Hacks 9 | . 3 2 4 . Robot Analysis 1 | . . . 1 . Open Door 2 | . . 2 . . Level Access Points 1 | . . . 1 . Alert Level 1 | . 1 . . . Locate Traps 2 | . 1 . 1 . Dispatch Records 1 | . . . 1 . Zone Layout 1 | . 1 . . . Fabricator Hacks . | . . . . . Repair Station Hacks . | . . . . . Recycling Unit Hacks . | . . . . . Scanalyzer . | . . . . . Garrison Access Hacks . | . . . . . Unauthorized Hacks . | . . . . . Terminals . | . . . . . Fabricators . | . . . . . Repair Stations . | . . . . . Recycling Units . | . . . . . Scanalyzers . | . . . . . Garrison Access . | . . . . . Data Cores Recovered . | . . . . . Used . | . . . . . Hacking Detections 4 | . 1 . 3 . Full Trace Events 2 | . 1 . 1 . Feedback Events 1 | . . . 1 . Hackware Fried 1 | . . . 1 . Feedback Blocked . | . . . . . Robot Schematics Acquired . | . . . . . Robots Built . | . . . . . Authchips . | . . . . . Time . | . . . . . Total Robot Build Rating . | . . . . . Part Schematics Acquired . | . . . . . Parts Built . | . . . . . Authchips . | . . . . . Time . | . . . . . Total Part Build Rating . | . . . . . Parts Repaired . | . . . . . Time . | . . . . . Parts Recycled . | . . . . . Recycled Matter . | . . . . . Retrieved Matter . | . . . . . Retrieved Components . | . . . . . Parts Scanalyzed . | . . . . . Part Schematics Acquired . | . . . . . Parts Damaged . | . . . . . Bothacking | -11 -10 -10 -9 -8 ------------ Run | Yrd Mat Min Mat Mat Used RIF Installer . | . . . . . Robots Hacked . | . . . . . Non-combat . | . . . . . Combat . | . . . . . Robot Hacks Applied . | . . . . . Relay Couplers Released . | . . . . . Fabnet Peak Effective % . | . . . . . Robots Rewired . | . . . . . Allies Hacked . | . . . . . Hacks Repelled . | . . . . . Allies | -11 -10 -10 -9 -8 -------- Run | Yrd Mat Min Mat Mat Total Allies . | . . . . . Largest Group . | . . . . . Highest-Rated Group . | . . . . . Highest-Rated Ally . | . . . . . Total Orders . | . . . . . Ally Attacks . | . . . . . Total Damage . | . . . . . Kills . | . . . . . Allies Corrupted . | . . . . . Allies Melted . | . . . . . Intel | -11 -10 -10 -9 -8 ------- Run | Yrd Mat Min Mat Mat Robot Analysis Total 1 | . . . 1 . Derelict Logs Recovered . | . . . . . Drone Launches . | . . . . . Drone Recoveries . | . . . . . Exploration | -11 -10 -10 -9 -8 ------------- Run | Yrd Mat Min Mat Mat Turns Passed 2420 | 147 608 116 410 1139 Spaces Moved 1003 | 72 217 60 212 442 Core 19 | 4 . . . 15 Treads 234 | . . . 64 170 Legs 750 | 68 217 60 148 257 Wheels . | . . . . . Hover . | . . . . . Flight . | . . . . . Fastest Speed 50 | 50 120 120 120 90 Average Speed 153 | 116 120 179 162 166 Slowest Speed 550 | 120 190 190 260 550 Overloaded Moves . | . . . . . Propulsion Burnouts . | . . . . . Robots Hopped . | . . . . . Cave-ins Triggered . | . . . . . Exploration Rate (%) 29 | 4 48 25 22 47 Regions Visited 4 Branch Regions 1 Pre-discovered Areas . | . . . . . Known Exits Taken 1 | . . . 1 . Unknown Exits Taken 3 | 1 1 1 . . Scrap Searched . | . . . . . Spaces Dug . | . . . . . Terrain Destroyed 5 | . . . 5 . Melee . | . . . . . Projectile . | . . . . . AOE 5 | . . . 5 . Terrain Rammed . | . . . . . Walls Destroyed . | . . . . . Machines Disabled . | . . . . . Actions | -11 -10 -10 -9 -8 --------- Run | Yrd Mat Min Mat Mat Total 1556 | 103 498 71 251 633 Wait 251 | 6 231 . 1 13 Move 999 | 71 216 59 211 442 Hop . | . . . . . Pick Up 27 | 2 9 4 5 7 Fast Attach 21 | 8 . . 3 10 Attach 14 | . . 2 3 9 Detach 1 | 1 . . . . Swap 16 | 1 4 1 5 5 Drop 19 | . 4 5 7 3 Fire 181 | 14 32 . 16 119 Melee . | . . . . . Ram 5 | . . . . 5 Kick 22 | . 2 . . 20 Crush . | . . . . . Escape Stasis . | . . . . . Rewire . | . . . . . Trap . | . . . . . Miscellaneous . | . . . . . Route ------- -11/Scrapyard -10/Materials (discovered 2 exits: *Mat / *Min) -10/Mines -9/Materials (discovered 3 exits: *Mat x3) -8/Materials History --------- Turn | Location | Event 8 | -11/Scrapyard | Discovered new exit (range 16) 148 | -11/Scrapyard | Entered Materials 306 | -10/Materials | Build established: Mutant 556 | -10/Materials | Destroyed 7 combat bots 664 | -10/Materials | Discovered new exit (range 15) 703 | -10/Materials | Discovered new exit (range 12) 756 | -10/Materials | Entered Mines 760 | -10/Mines | Met a Derelict shopkeep closing up shop 833 | -10/Mines | Discovered new exit (range 10) 836 | -10/Mines | Assembled infested the area 855 | -10/Mines | Found the Drone Emporium 862 | -10/Mines | Found Prototype Device 872 | -10/Mines | Entered Materials 872 | -9/Materials | Evolved 2 slots: Utility x2 1256 | -9/Materials | Identified exit to Materials 1256 | -9/Materials | Hacking Suite fried by hacking feedback 1282 | -9/Materials | Entered another Materials area 1282 | -8/Materials | Evolved 2 slots: Utility x1, Weapon x1 1581 | -8/Materials | Build established: Skirmisher 1884 | -8/Materials | Lost 6 parts (2u4w) 2064 | -8/Materials | Core integrity fell below 50% 2116 | -8/Materials | Core integrity fell below 20% 2141 | -8/Materials | Lost 11 parts (1p2n3u5w) 2344 | -8/Materials | Build established: Mutant 2421 | -8/Materials | Destroyed by Y-45 Defender with Beam Rifle Last Messages --------------- 02162_ Kicked S-10 Pest. 02162_ S-10 Pest destroyed. 02163_ Kicked S-10 Pest out of the way. 02165_ K-01 Serf collects debris. 02165_ Acquired Lgt. Assault Rifle. 02167_ S-10 Pest destroyed. 02169_ K-01 Serf collects debris. 02170_ S-10 Pest destroyed. 02172_ Acquired 13 matter. 02174_ K-01 Serf collects debris. 02267_ Acquired Lgt. Deuterium Engine. 02280_ G-47 Trooper destroyed. 02298_ Y-45 Defender destroyed. 02300_ Acquired 22 matter. 02303_ K-01 Serf collects debris. 02305_ Acquired 10 matter. 02307_ K-01 Serf collects debris. 02336_ R-06 Scavenger collects Lgt. Treads. 02408_ W-25 Informer sends out distress signal. 02418_ Critical hit (Burn: +37). Map ----- +----------------------------------------------------+ | | | | | | | ???????????????????????????????????????????? | | ???????????????????????????????????????????? | | ???????????????????????????????????????????? | | ???????????????????????????????????????????? | | ???????????????????????????????????????????? | | ???????????????????????????????????????????? | | ???????????????????????????????????????????? | | ??????????????????????? ????????????????? | | ??????????????????????# ????????????????? | | ??????????????????????# """ ???????????? | | ??????????????????????# "T" ???????????? | | ??????????????????????# ????????????? | | ??????????????????????? ????????????? | | ??????????????????????? ?????????????? | | ??????????????????????? ?????????????? | | ??????????????????????? ??????????????? | | ???????????????????????? !!??????????????? | | ???????????????????????? !???????????????? | | ???????????????????????? !???????????????? | | ???????????????????????? ????????????????? | | ????????????????????????# ????????????????? | | ????????????????????????# #????????????????? | | ????????????????????????#@#????????????????? | | ????????????????????????#/#########????????? | | ??????????????????#?????# #????????? | | ??????????????????# ###?# T #????????? | | ????????????####### # """ #????????? | | ????????? #Y""" #????????? | | ????????? gY""" #????????? | | ????????? #g #????????? | | ???###??????####### # #????????? | | ?# ????????????#####?# #????????? | | ?#[ """?????????????????###/#######?#??????? | | ?# """?##############????# #????? #??????? | | ?# """ # ^ #???## ##?? ##?????? | | ?# # ##### # #?????? | | ?# """ + ^ + #??????? | | # """ # ##### # "Y" #??????? | | # """ ### #???#####??""" #??????? | | # ???# """ #????????????##???????? | | # """???# """ #?????????????????????? | | #! ""????# ^ """ #?????????????????????? | | # ""????# #?????????????????????? | | # ?????# #?????????????????????? | | ??????????# """ #?????????????????????? | | ########### """ ##################????? | | """ #????? | +----------------------------------------------------+ Best States ------------- Heat Dissipation 53 Energy Generation 14 Energy Capacity 265 Matter Stores 300 Matter Capacity 300 Sight Range 16 Robot Scan Range 15 Terrain Scan Range 16 Terrain Scan Density 10 Armor Coverage 750 Resistance: KI 20 Evasion (%) 55 Targeting Accuracy 8 Recoil Reduction 2 Offensive Hacking 10 Authchip Count 2 Item Schematics ----------------- None Robot Schematics ------------------ None Fabricated ------------ Nothing Alien Tech Used ----------------- None Achievements -------------- None Challenges ------------ None Game ------ Seed PowerForceMeganuke Manual? 0 Play Time 00:22:18 Cumulative 91.0 hours Start 2025.03.29 @ 15:08:33 End 2025.03.29 @ 15:35:11 Sessions 1 Manual Loads 0 Difficulty Rogue Special Mode None Game No. 147 Rogue 147 Adventurer 0 Explorer 0 Win Type - Total 1 Types 1/0/0/0/0/0/0/0/0 Lore% 32 Gallery% 48 Achievement% 41 Wizard Run 0 Options --------- Layout 1 ASCII 1 Keyboard 0 Movement Numpad Keybinds 0 Fullscreen 1 Font 24/Smallcaps Map View 50x35 Zoom Use 0% Tactical HUD 1 Map Filters NONE Filters NONE Steam 1 RUN: e9f8f1cb-4ad8-415e-8f67-9e6f2521074f